 Dungeon Crawl Stone Soup version 0.30.1-9-gdf580d7c3d (webtiles) character file.

Game seed: 5366866879330369235

1772 KittyFluff the Covered (level 9, -7/82 HPs)
             Began as a Gargoyle Berserker on Oct 9, 2023.
             Was an Elder of Trog.
             Mangled by a gnoll
             ... wielding a +0 halberd
             ... led by a gnoll bouda
              (10 damage)
             ... on level 6 of the Dungeon.
             The game lasted 00:20:35 (4666 turns).

KittyFluff the Covered (Gargoyle Berserker)         Turns: 4666, Time: 00:20:36

Health: -7/82      AC: 15    Str: 25    XL:     9   Next: 7%
Magic:  9/9        EV: 12    Int:  8    God:    Trog [****..]
Gold:   177        SH:  5    Dex:  9    Spells: 8/8 levels left

rFire   . . .        g - +4 mace
rCold   . . .        (no shield)
rNeg    + . .        j - +0 leather armour
rPois   ∞            K - +0 helmet
rElec   +            (no cloak)
rCorr   .            (no gloves)
SInv    .            (no boots)
Will    .....        o - amulet of reflection Stlth
                     h - +4 ring of protection
HPRegen 0.33/turn    (no ring)
MPRegen 0.11/turn

%: reflection
@: berserking, very quick
A: sickness immunity, AC +6, negative energy resistance 1, electricity
resistance, torment resistance 1, petrification resistance
a: Renounce Religion, Berserk, Trog's Hand, Brothers in Arms


You were on level 6 of the Dungeon.
You worshipped Trog.
Trog was greatly pleased with you.
You visited 1 branch of the dungeon, and saw 6 of its levels.
You also visited: Sewer.

You collected 177 gold pieces.

Inventory:

Hand Weapons
 g - a +4 mace (weapon)
 G - a +0 sling
 L - a +0 quarterstaff
Missiles
 q - 14 poisoned darts (quivered)
 s - 3 curare-tipped darts
 A - a throwing net
Armour
 j - a +0 leather armour (worn)
 K - a +0 helmet (worn)
Jewellery
 h - a +4 ring of protection (left hand)
 o - an amulet of reflection (around neck)
Wands
 k - a wand of flame (12)
 w - a wand of polymorph (14)
 y - a wand of iceblast (8)
Scrolls
 a - a scroll of magic mapping {unknown}
 b - a scroll of fear {unknown}
 c - 3 scrolls of identify {unknown}
 i - 2 scrolls of noise {unknown}
 l - 2 scrolls of teleportation {unknown}
 m - a scroll of enchant weapon {unknown}
 n - 3 scrolls of fog {unknown}
 p - 2 scrolls of poison {unknown}
 v - a scroll of torment {unknown}
 z - 2 scrolls of amnesia {unknown}
 D - a scroll of immolation {unknown}
 F - 4 scrolls of vulnerability {unknown}
 J - a scroll of acquirement {unknown}
Potions
 d - 4 potions of might {unknown}
 e - 3 potions of mutation {unknown}
 f - a potion of ambrosia {unknown}
 r - 4 potions of brilliance {unknown}
 t - 2 potions of cancellation {unknown}
 u - a potion of magic {unknown}
 x - a potion of attraction {unknown}
 B - a potion of flight {unknown}
 C - 4 potions of curing {unknown}
 E - a potion of lignification {unknown}
 H - a potion of heal wounds {unknown}
 I - a potion of resistance {unknown}


   Skills:
 + Level 6.0 Fighting
 * Level 7.2 Maces & Flails
 * Level 7.6 Armour
 + Level 4.0 Dodging


You had 8 spell levels left.
You didn't know any spells.
Your spell library was empty.

Dungeon Overview and Level Annotations

Branches:
Dungeon (6/15)              Sewer (visited)
 Temple: D:4-7

Altars:
Elyvilon
Nemelex Xobeh
Okawaru
Trog

Shops:
D:2 (


Innate Abilities, Weirdness & Mutations

You are immune to sickness and miasma.
Your stone body is resilient. (AC +6)
You are immune to poison.
You resist negative energy. (rN+)
You are resistant to electric shocks. (rElec)
You are resistant to unholy torment.
You are immune to petrification.


Message History

The gnoll is no longer moving quickly.
You block the gnoll's attack. x2
You barely miss the orc priest. You block the gnoll's attack.
The gnoll hits you but does no damage.
The orc priest hits you with a +0 hand axe.
You closely miss the orc priest. The gnoll misses you.
The gnoll hits you from afar with a +0 halberd.
The orc priest hits you but does no damage.
You sock the orc priest!
The orc priest is severely wounded.
The gnoll closely misses you.
The gnoll hits you from afar with a +0 halberd.
The orc priest hits you but does no damage.
You hit the orc priest but do no damage.
The orc priest is severely wounded.
The gnoll hits you from afar with a +0 halberd!
* * * LOW HITPOINT WARNING * * *
The gnoll misses you.
The orc priest hits you but does no damage.
You sock the orc priest!
You kill the orc priest!
Trog accepts your kill. You block the gnoll's attack.
The gnoll hits you from afar with a +0 halberd!
* * * LOW HITPOINT WARNING * * *
An adder comes into view.
Your Dodging skill increases to level 4!
A red film seems to cover your vision as you go berserk!
You feel yourself moving faster!
You feel mighty!
The adder hisses angrily.
The gnoll misses you.
The gnoll hits you from afar with a +0 halberd.
* * * LOW HITPOINT WARNING * * *
The gnoll hits you with a +0 flail!
* * * LOW HITPOINT WARNING * * *
You bludgeon the gnoll!!
You feel the power of Trog in you as your rage grows.
You kill the gnoll!
Trog accepts your kill.
The gnoll hits you from afar with a +0 halberd!
You die...

#. ..... #.# ##...g ..
..ggo###. ## .< ........l #.
#. #....!... ###. #g
#........ #...
#.##........####.#. ###
#.@)....# #...... ..#
####g#### #.##### #.# #..g#
#.# # #.# #...# #.# # #.#
#...# #.# #
#[########...##### #.#####
#............>...###......
#.#.......................
.......##.............####...


You could see 3 gnolls.

Vanquished Creatures
  Grinder (D:3)
  A sky beast (D:4)
  2 black bears
  A centaur (D:5)
  4 kobold brigands (Sewer)
  3 scorpions
  2 jellies
  4 hounds
  A gnoll bouda (D:6)
  2 orc priests
  5 iguanas
  Ijyb (D:3)
  3 orc wizards
  9 gnolls
  A river rat (D:3)
  6 adders
  A shadow imp (D:6)
  An ufetubus (D:5)
  A worm (D:5)
  2 dart slugs (D:2)
  13 orcs
  15 endoplasms
  9 giant cockroaches
  5 goblins
  4 hobgoblins
  5 jackals
  15 kobolds
  7 ball pythons
  5 bats
  3 frilled lizards
  8 rats
140 creatures vanquished.

Notes
Turn   | Place    | Note
-------+----------+-------------------------------------------
     0 | D:1      | KittyFluff the Gargoyle Berserker began the quest for the
                  | Orb.
     0 | D:1      | Reached XP level 1. HP: 14/14 MP: 1/1
    72 | D:1      | Reached XP level 2. HP: 13/19 MP: 2/2
   603 | D:1      | Reached XP level 3. HP: 23/23 MP: 3/3
   890 | D:2      | Reached ** piety under Trog
   974 | D:2      | Found Jisustru's Antique Weapon Shoppe.
  1288 | D:2      | Reached XP level 4. HP: 22/29 MP: 4/4
  1700 | D:3      | Found a glowing drain.
  1722 | D:3      | Noticed Ijyb
  1723 | D:3      | Paralysed by Ijyb for 5 turns
  1739 | D:3      | Killed Ijyb
  1740 | D:3      | Reached XP level 5. HP: 33/33 MP: 5/5
  1755 | Sewer    | Entered a sewer
  1826 | Sewer    | Noticed a kobold brigand
  1826 | Sewer    | Noticed a kobold brigand
  1826 | Sewer    | Noticed a kobold brigand
  1843 | Sewer    | Killed a kobold brigand
  1848 | Sewer    | Killed a kobold brigand
  1849 | Sewer    | Reached XP level 6. HP: 28/38 MP: 6/6
  2086 | Sewer    | Reached skill level 5 in Maces & Flails
  2222 | D:3      | Reached XP level 7. HP: 44/44 MP: 7/7
  2243 | D:3      | Reached skill level 5 in Armour
  2578 | D:3      | Noticed Grinder
  2579 | D:3      | Reached *** piety under Trog
  2584 | D:3      | Paralysed by Grinder for 4 turns
  2599 | D:3      | Paralysed by Grinder for 3 turns
  2605 | D:3      | Killed Grinder
  2940 | D:4      | Reached skill level 5 in Fighting
  3003 | D:4      | Reached XP level 8. HP: 39/49 MP: 8/8
  3708 | D:5      | Entered Level 5 of the Dungeon
  4553 | D:6      | Reached XP level 9. HP: 55/55 MP: 9/9
  4596 | D:6      | Found a sparkling altar of Nemelex Xobeh.
  4597 | D:6      | Found a bloodstained altar of Trog.
  4599 | D:6      | Found a white marble altar of Elyvilon.
  4599 | D:6      | Found an iron altar of Okawaru.
  4659 | D:6      | Reached **** piety under Trog
  4665 | D:6      | HP: 3/82 [gnoll/+0 flail[a gnoll bouda] (7)]
  4666 | D:6      | Mangled by a gnoll

Illustrated notes

Levels and vault maps discovered:
D:1:      mainiacjoe_arrival_reflecting_pool, layout_loops_ring
D:2:      minmay_door_path, layout_basic, serial_shops, shop, serial_glass,
          glass_columns_a, glass_columns_a, glass_columns_a, glass_columns_a
D:3:      layout_loops_cross, portal_sewer_entry_a, uniq_grinder, uniq_ijyb
D:4:      layout_basic, serial_forest, infiniplex_forest_clump_medium,
          infiniplex_forest_clump_tiny, infiniplex_forest_straight_3,
          infiniplex_forest_straight_4
D:5:      layout_basic
D:6:      layout_loops_cross, chequers_temple_overflow_statue_of_worship,
          minmay_temple_entry_mist, kennysheep_windowed_goal

Skill      XL: |  1  2  3  4  5  6  7  8  9 |
---------------+----------------------------+-----
Armour         | 3 4 6 7 |  7.6
Dodging        | 2 3 4 |  4.0
Maces & Flails | 4 5 7 |  7.2
Fighting       | 4 5 6 |  6.0

Action                     |  1- 3 |  4- 6 |  7- 9 || total
---------------------------+-------+-------+-------++-------
  Melee: Mace              |    89 |   116 |   256 ||   461
         Punch             |     2 |     2 |     2 ||     6
  Throw: Throwing net      |       |       |     1 ||     1
 Invoke: Berserk           |       |     1 |     1 ||     2
 Armour: Animal skin       |    23 |       |       ||    23
         Leather armour    |     8 |    43 |   109 ||   160
  Dodge: Dodged            |    68 |    74 |   125 ||   267
  Block: Other             |       |    27 |    62 ||    89
         Reflection        |       |       |     1 ||     1
